 Dungeon Crawl Stone Soup version 0.23.2-30-g0e89c35649 (webtiles) character file.

Game seed: 7072828856511883261

82 BorisKarlOrff the Poker (level 4, -3/41 HPs)
             Began as a Minotaur Chaos Knight on June 20, 2019.
             Was a Plaything of Xom.
             Slain by a river rat (6 damage)
             ... on level 3 of the Dungeon.
             The game lasted 00:02:44 (1901 turns).

BorisKarlOrff the Poker (Minotaur Chaos Knight)     Turns: 1901, Time: 00:02:44

Health: -3/41      AC:  5    Str: 16    XL:     4   Next: 21%
Magic:  3/3        EV: 12    Int:  9    God:    Xom [.*....]
Gold:   83         SH:  5    Dex: 11    Spells: 3/3 levels left

rFire    . . .     SeeInvis .   a - +0 spear (chaos)
rCold    . . .     Gourm    .   (no shield)
rNeg     . . .     Faith    .   b - +2 leather armour
rPois    .         Spirit   .   (helmet restricted)
rElec    .         Reflect  +   (no cloak)
rCorr    .         Harm     .   (no gloves)
MR       .....                  (no boots)
Stlth    +.........             f - +5 amulet of reflection
HPRegen  0.13/turn              (no ring)
MPRegen  0.08/turn              (no ring)

@: very slow
A: retaliatory headbutt, horns 2
a: Renounce Religion


You were on level 3 of the Dungeon.
You worshipped Xom.
You were a plaything of Xom.
You were not hungry.

You visited 1 branch of the dungeon, and saw 3 of its levels.

You collected 83 gold pieces.

Inventory:

Hand Weapons
 a - a +0 spear of chaos (weapon)
Armour
 b - a +2 leather armour (worn)
Jewellery
 f - a +5 amulet of reflection (around neck)
 h - an uncursed amulet of faith
Scrolls
 d - 2 scrolls of identify
Potions
 g - a potion of curing
 i - a potion of resistance
Comestibles
 c - 6 rations


   Skills:
 + Level 4.4 Fighting
 + Level 5.0 Polearms
 + Level 2.8 Armour
 + Level 1.7 Dodging
 + Level 0.7 Stealth


You had 3 spell levels left.
You didn't know any spells.
Your spell library was empty.

Dungeon Overview and Level Annotations

Branches:
Dungeon (3/15)

Altars:


Innate Abilities, Weirdness & Mutations

You reflexively headbutt those who attack you in melee.
You have a pair of horns on your head.


Message History

You hit the river rat but do no damage.
The river rat is severely wounded.
You hear the slow rusting of a drain.
The rat closely misses you. The river rat closely misses you.
You barely miss the rat. The rat barely misses you. You furiously retaliate!
You headbutt the rat!
You kill the rat!
Your Polearms skill increases to level 5!
The river rat barely misses you.
You closely miss the river rat.
The river rat is severely wounded.
The river rat bites you.
* * * LOW HITPOINT WARNING * * *
Your unstable footing causes you to fumble your attack.
Your unstable footing causes you to fumble your attack.
The river rat completely misses you.
You closely miss the river rat.
The river rat is severely wounded.
The river rat bites you.
You die...

#.# ### #.# #.. #.#
#.# #)# #.####### #)#
#....... #)#
##.#..####
##.####...'##≈≈###
####......)..#≈†≈≈≈≈+
#....#..##...#r@≈≈≈≈+
#.##...####..+##≈≈###
#
##.###...#..####.###.
#. #.####..........
#.###.######..#...#
...........#.....##
.. #............##
#.. #...###.#...##
#.# ##.........##


You could see a river rat.

Vanquished Creatures
  Robin (D:3)
  2 adders (D:2)
  A worm (D:2)
  3 leopard geckos
  A giant cockroach (D:3)
  13 goblins
  4 hobgoblins
  4 jackals (D:1)
  A quokka (D:2)
  A ball python (D:2)
  3 bats
  6 kobolds
  5 rats
45 creatures vanquished.

Notes
Turn   | Place    | Note
-------+----------+-------------------------------------------
     0 | D:1      | BorisKarlOrff the Minotaur Chaos Knight began the quest for
                  | the Orb.
     0 | D:1      | Reached XP level 1. HP: 19/19 MP: 0/0
   114 | D:1      | Reached skill level 4 in Polearms
   123 | D:1      | Reached XP level 2. HP: 19/27 MP: 1/1
   584 | D:1      | XOM: harmless Conj miscast
   772 | D:1      | XOM: harmless Erth miscast
  1017 | D:2      | Reached XP level 3. HP: 32/33 MP: 2/2
  1847 | D:3      | Noticed Robin
  1859 | D:3      | Killed Robin
  1859 | D:3      | Reached XP level 4. HP: 29/41 MP: 3/3
  1897 | D:3      | Reached skill level 5 in Polearms
  1898 | D:3      | HP: 2/41 [river rat (1)]
  1901 | D:3      | Slain by a river rat

Skill      XL: |  1  2  3  4 |
---------------+-------------+-----
Polearms       | 4 5 |  5.0
Fighting       | 4 |  4.4
Armour         | |  2.8
Dodging        | |  1.7
Stealth        | |  0.7

Action                   |  1- 3 |  4- 6 || total
-------------------------+-------+-------++-------
Melee: Spear             |    64 |    28 ||    92
       Headbutt          |    10 |     2 ||    12
  Use: Scroll            |     7 |       ||     7
  Eat: Ration            |     2 |       ||     2
Armor: Leather armour    |    27 |     6 ||    33
Dodge: Dodged            |    40 |    12 ||    52
Block: Other             |     4 |     4 ||     8
